← All builds
Front / Armada / Economy first / OBSERVED BUILD

Standard front

Standard economy-first Front play: Bot Lab and Vehicle Plant almost immediately, Advanced Metal Extractor around 9 minutes, with a mixed T1 army of Blitz, Rocketeer, Pawn and Janus sent to hold the wider gap and then middle.

#eco · 973 distinct matches · 130 players · 74% of Armada Front games · team won 63% of 1106 · Recently observed

HOW TO PLAY IT

Key timing: Vehicle Plant by 0:47

  1. Open 3 mex then Bot Lab and Vehicle Plant almost together.
  2. Layer wind while both labs start producing.
  3. Send early units to coast first to stop leaks, not middle.
  4. Add Construction Turrets as "Blitz", "Rocketeer", "Janus" mix builds up.
  5. Transition into Advanced Metal Extractor once T2 con is out.

Phase by phase

TYPICAL OF ITS 973 GAMES
  1. 1
  2. 2
  3. 3
PLAY THE OPENING

Follow the example game's first 6:00 step by step: what to build now, what comes next, and where it goes. At 1× it keeps pace with your own game.

  1. 1

    Up to the Bot Lab

    Economy
    • Metal Extractor2Mex
    • Wind Turbine1Wind
    Order
    1. Bot LabBot Lab after 3 mex, 1 winddone ~0:45, middle half 0:35–8:46

    Some games also: Vehicle Plant (42%)

    By 0:28 in all: 2 mex · 1 wind

    The example game in this phase · 86 steps
    1. Mex ×3
    2. Wind
    3. Vehicle PlantVehicle Plantdone 0:54 · typical 0:47
    4. RoverScout ×5for Pond
    5. Construction VehicleCon vehicle ×2
    6. JanusJanus
    7. Wind
    8. Mex
    9. JanusJanus
    10. Wind ×2
    11. JanusJanus
    12. Mex
    13. JanusJanus
    14. Mex
    15. JanusJanus
    16. BlitzBlitz ×13
    17. JanusJanus ×2
    18. BlitzBlitz
    19. Wind
    20. Converter
    21. BlitzBlitz
    22. Wind
    23. BlitzBlitz
    24. Construction VehicleCon vehicle
    25. Converter
    26. Wind
    27. Construction VehicleCon vehicle
    28. Wind
    29. Con turret
    30. Converter
    31. Wind ×2
    32. Converter
    33. BlitzBlitz
    34. Wind
    35. BeamerBeamer
    36. Wind ×3
    37. BlitzBlitz
    38. Converter
    39. Wind
    40. BeamerBeamer
    41. BlitzBlitz
    42. Converter
    43. BlitzBlitz
    44. BeamerBeamer
    45. Wind
    46. Mex
    47. Converter ×2
    48. Mex
    49. Wind
    50. Advanced Metal ExtractorT2 mexdone 9:45 · typical 8:53
    51. Wind
    52. Wind
    53. Mex
    54. Wind
    55. Wind ×2
    56. Wind
    57. Wind
    58. Wind
    59. BeamerBeamer
    60. Wind
    61. BeamerBeamer
    62. Wind
    63. Wind
    64. Wind
    65. Wind
    66. Wind ×2
    67. Advanced Metal ExtractorT2 mex
    68. Wind
    69. Wind
    70. Wind
    71. Wind
    72. Wind ×2
    73. Wind ×3
    74. Advanced Metal ExtractorT2 mex
    75. Wind ×3
    76. Energy storage
    77. Wind ×2
    78. Advanced Metal ExtractorT2 mex
    79. Wind ×8
    80. Vehicle PlantVehicle Plantnot finished by 15:00
    81. Wind
    82. BullBulldone 13:14
    83. Wind
    84. BullBull
    85. Wind ×5
    86. Bot LabBot Labnot finished by 15:00 · typical 0:45
  2. 2

    Bot Lab to 5:00

    Economy
    • Metal Extractor4Mex
    • Wind Turbine3Wind
    Army
    • Sentry1 Sentry

    Some games also: rocketeer (45%) · con bot (44%) · Lazarus (43%) · tick (40%) · centurion (36%)

    By 5:00 in all: 6 mex · 7 wind

  3. 3

    5:00 to 10:00

    Economy
    • Metal Extractor1Mex
    • Wind Turbine14Wind
    Builders
    • Construction Turret2 Con turret
    Army
    • Sentry1 Sentry

    Some games also: energy storage (46%) · blitz (39%) · rocketeer (38%) · pawn (35%) · Lazarus (35%)

    By 10:00 in all: 7 mex · 25 wind · 1 energy storage · 3 con turret

Counts are medians over the build's games: half of them build more, half fewer. The example game is Hummell's (46 OS, 26/09/2026); pick another.

Team trades

IN AT LEAST 30% OF ITS GAMES

You hand over

Nothing regular.

You get

  • Tidal Generator4 Tidal from Pondfirst at 0:18 · in 69% of games
  • Advanced Construction Bot1 T2 con bot from Geo or Techfirst at 7:17 · in 67% of games

How it plays out

Typical game of this build, running totals by minute

Metal produced

010k20k30k
0:005:0010:0015:00

metal

Enemy metal destroyed

05k10k
0:005:0010:0015:00

metal

Own metal lost

05k10k
0:005:0010:0015:00

metal

1106 games.

Show as table
ByMetal produced: This buildEnemy metal destroyed: This buildOwn metal lost: This build
1:0033300
2:008452131
3:001625141105
4:002713541333
5:0038681197816
6:00507821211524
7:00633930122448
8:00766738773357
9:00911846694311
10:001069653425050
11:001264758395699
12:001486663976527
13:001746370137244
14:002018476298090
15:002267783978941
WHAT THE NUMBERS SAY

Standard Front play wins more often than suicide front and produces more metal by 15:00, reflecting its safer positioning.

  • + Metal produced reaches 22219 by 15:00, above suicide front's 19882
  • + Own losses of 8949 stay under enemy metal destroyed's near-equal 8347
  • − First unit lost by 1:44 shows exposure even from the safer side
  • − Wider gap to defend demands disciplined coast-then-mid unit movement
THE EXAMPLE YOU ARE READING

Hummell

45.6 OS · 26/09/2026

Open source match ↗

87 received units · includes a constructor
764 metal received · 28906 energy received

Allied construction assistance is unknown. Timings are observations, not a promise of solo reproducibility.

Typical milestones

Bot Lab0:45Middle 50%: 0:35–8:46 · n=695
Vehicle Plant0:47Middle 50%: 0:37–0:57 · n=789
Advanced Metal Extractor8:53Middle 50%: 8:01–10:02 · n=884

Played most by

Hummell97games of this buildhaaven93games of this buildLeohvm79games of this buildXad63games of this buildImmort38games of this build